 Dungeon Crawl Stone Soup version 0.24.0-13-gcf9b319 (webtiles) character file.

Game seed: 9368114167654417089, levelgen mode: deterministic

215 Bronimir the Magician (level 5, -7/37 HPs)
             Began as a Demonspawn Wizard on Mar 19, 2020.
             Mangled by an ogre
             ... wielding a +0 giant spiked club
              (19 damage)
             ... on level 4 of the Dungeon.
             The game lasted 00:11:44 (3841 turns).

Bronimir the Magician (Demonspawn Wizard)           Turns: 3841, Time: 00:11:45

Health: -7/37      AC:  4    Str:  9    XL:     5   Next: 60%
Magic:  4/10       EV: 11    Int: 19    God:
Gold:   98         SH:  0    Dex: 11    Spells: 1/11 levels left

rFire    + . .     SeeInvis .   a - +1 halberd (protect)
rCold    + . .     Gourm    .   (shield currently unavailable)
rNeg     . . .     Faith    .   h - +0 leather armour
rPois    .         Spirit   .   g - +0 hat
rElec    .         Reflect  .   (no cloak)
rCorr    .         Harm     .   (no gloves)
MR       .....                  u - +0 pair of boots
Stlth    +.........             (no amulet)
HPRegen  0.12/turn              p - ring of protection from cold
MPRegen  0.12/turn              (no ring)

@: no status effects
A: fire resistance 1, spiny 2
a: no special abilities


You were on level 4 of the Dungeon.
You were not hungry.

You visited 1 branch of the dungeon, and saw 4 of its levels.

You collected 98 gold pieces.

Inventory:

Hand Weapons
 a - a +1 halberd of protection (weapon)
 b - a +0 hunting sling
 i - a +0 dagger of pain
 k - a +0 whip
 s - a +0 dagger of venom
 y - a +0 hand axe
 A - a +0 spear of pain
Missiles
 m - 5 poisoned darts (quivered)
 v - 18 arrows
 x - 58 stones
Armour
 c - a +0 robe
 g - a +0 hat (worn)
 h - a +0 leather armour (worn)
 q - a +0 ring mail
 u - a +0 pair of boots (worn)
Jewellery
 l - a cursed -3 ring of dexterity {unknown}
 p - a ring of protection from cold (left hand)
Scrolls
 o - 3 scrolls of identify
 t - 2 scrolls of remove curse {unknown}
 w - a scroll of enchant weapon {unknown}
Potions
 e - 3 potions of resistance
 f - a potion of cancellation {unknown}
 j - a potion of mutation {unknown}
 n - 2 potions of curing {unknown}
 r - 2 potions of magic
 z - a potion of heal wounds {unknown}
 B - a potion of might {unknown}
Comestibles
 d - 6 rations


   Skills:
 + Level 1.3 Fighting
 + Level 0.9(1.0) Axes
 + Level 0.2(0.6) Polearms
 + Level 1.1 Slings
 * Level 1.8 Armour
 + Level 2.0 Dodging
 - Level 1.7 Stealth
 + Level 3.9 Spellcasting
 * Level 2.3 Conjurations
 + Level 0.9 Hexes
 + Level 1.4 Summonings
 + Level 1.0 Translocations


You had one spell level left.
You knew the following spells:

 Your Spells              Type           Power        Failure   Level  Hunger
a - Magic Dart            Conj           ##..         7%          1    None
b - Call Imp              Summ           #.......     16%         2    ##.....
c - Blink                 Tloc           N/A          19%         2    ##.....
d - Slow                  Hex            #.......     19%         2    ##.....
e - Mephitic Cloud        Conj/Pois/Air  #.......     38%         3    ###....

Your spell library contained the following spells:

 Spells                   Type           Power        Failure   Level  Hunger
 Conjure Flame            Conj/Fire      #.......     34%         3    ###....


Dungeon Overview and Level Annotations

Branches:
Dungeon (4/15)
 Temple: D:4-7

Altars:
Cheibriados
Okawaru
Wu Jian
The Shining One


Innate Abilities, Weirdness & Mutations

Your flesh is heat resistant. (rF+)
You are mostly covered in sharp spines.


Message History

Casting: Slow (safe; 19% risk of failure)
Confirm with . or Enter, or press ? or * to list all spells.
Aiming: Slow (safe; 19% risk of failure)
Press: ? - help, Shift-Dir - straight line, f/p - ogre
Aim: an ogre, wielding a +0 giant spiked club (severely wounded, chance to defeat MR: 41%)
The ogre resists with some effort.
The ogre barely misses you.
Casting: Slow (safe; 19% risk of failure)
Confirm with . or Enter, or press ? or * to list all spells.
Aiming: Slow (safe; 19% risk of failure)
Press: ? - help, Shift-Dir - straight line, f/p - ogre
Aim: an ogre, wielding a +0 giant spiked club (severely wounded, chance to defeat MR: 41%)
The ogre resists with some effort.
The ogre barely misses you.
Attack whom?
Press: ? - help, Dir - move target cursor, f/p - ogre
Aim: an ogre, wielding a +0 giant spiked club (severely wounded)
You reach to attack!
You barely miss the ogre.
The ogre is severely wounded.
The ogre hits you with a +0 giant spiked club!!
Ouch! That really hurt!
You die...

#.......# #.###.#
.#+#.....## #.# #.#
..........##########.#
#.#
..........'..........#
#.#
....>.....############
#.# .....######
#......# #.# .....#
#.#<...# #.# ####.#
#.########.# #.#
#.@O.......# #.#
############ #.# #.#


You could see an ogre.

Vanquished Creatures
  A water moccasin skeleton (D:4)
  3 gnolls (D:2)
  3 adders (D:3)
  2 worms
  7 dart slugs
  3 leopard geckos
  2 orcs
  4 bats
  4 giant cockroaches
  7 goblins
  5 hobgoblins
  2 jackals (D:3)
  14 kobolds
  A quokka (D:2)
  4 frilled lizards
  4 rats
66 creatures vanquished.

Vanquished Creatures (collateral kills)
  Terence (D:3)
  A gnoll (D:2)
  3 worms (D:2)
  A kobold (D:2)
6 creatures vanquished.

Grand Total: 72 creatures vanquished

Notes
Turn   | Place    | Note
-------+----------+-------------------------------------------
     0 | D:1      | Bronimir the Demonspawn Wizard began the quest for the Orb.
     0 | D:1      | Reached XP level 1. HP: 13/13 MP: 4/4
   281 | D:1      | Gained mutation: You are partially covered in sharp spines.
                  | [demonic ancestry]
   281 | D:1      | Reached XP level 2. HP: 18/19 MP: 0/6
   430 | D:1      | Learned a level 2 spell: Call Imp
   433 | D:1      | Learned a level 2 spell: Blink
   436 | D:1      | Learned a level 2 spell: Slow
   459 | D:1      | You fall into a shaft and drop 1 floor!
   882 | D:2      | Found a glowing golden altar of the Shining One.
   959 | D:2      | Gained mutation: Your flesh is heat resistant. (rF+)
                  | [demonic ancestry]
   959 | D:2      | Reached XP level 3. HP: 20/25 MP: 7/7
   974 | D:2      | Found an ornate altar of the Wu Jian Council.
  1769 | D:2      | Reached skill level 1 in Armour
  1769 | D:2      | Reached skill level 1 in Translocations
  1812 | D:1      | Gained mutation: You are mostly covered in sharp spines.
                  | [demonic ancestry]
  1812 | D:1      | Reached XP level 4. HP: 8/31 MP: 1/9
  2274 | D:2      | Reached skill level 1 in Fighting
  2538 | D:2      | Found a snail-covered altar of Cheibriados.
  2833 | D:3      | Learned a level 3 spell: Mephitic Cloud
  2858 | D:3      | Found an iron altar of Okawaru.
  3226 | D:3      | Noticed Terence
  3228 | D:3      | Reached XP level 5. HP: 35/37 MP: 8/10
  3429 | D:3      | Found a faded altar of an unknown god.
  3601 | D:3      | Killed Terence
  3787 | D:4      | Reached skill level 1 in Slings
  3791 | D:4      | Noticed an ogre
  3841 | D:4      | Mangled by an ogre

Levels and vault maps discovered:
D:1:      scummos_arrival_simple_fountains, layout_basic,
          ebering_dispersal_statue_hall, minmay_fountain_box,
          chequers_serial_rivers_marsh, kennysheep_crisscross
D:2:      layout_basic, chequers_temple_overflow_statue_of_worship,
          cheibriados_altar_1
D:3:      layout_basic, old_standard_altar, chequers_ecumenical_altar_island,
          uniq_terence
D:4:      layout_basic

Skill      XL: |  1  2  3  4  5 |
---------------+----------------+-----
Dodging        | 2 |  2.0
Armour         | 1 |  1.8
Translocations | 1 |  1.0
Conjurations   | 2 |  2.3
Fighting       | 1 |  1.3
Slings         | 1 |  1.1
Axes           | |  0.9
Polearms       | |  0.2
Stealth        | |  1.7
Spellcasting   | |  3.9
Hexes          | |  0.9
Summonings     | |  1.4

Action                   |  1- 3 |  4- 6 || total
-------------------------+-------+-------++-------
Melee: Hand axe          |    75 |    12 ||    87
       Halberd           |       |    15 ||    15
 Fire: Hunting sling     |       |    40 ||    40
Throw: Dart              |     5 |       ||     5
 Cast: Magic Dart        |    21 |    52 ||    73
       Call Imp          |     6 |     6 ||    12
       Blink             |     2 |       ||     2
       Slow              |       |     5 ||     5
  Use: Scroll            |       |     3 ||     3
 Stab: Distracted        |     1 |       ||     1
       Sleeping          |     1 |       ||     1
  Eat: Chunk             |     3 |     7 ||    10
Armor: Robe              |     4 |       ||     4
       Leather armour    |    15 |    12 ||    27
Dodge: Dodged            |    51 |    34 ||    85
